Map: Abyssal Reef LE

Players

IIIIIIIIIIII

  • Race: Terran Terran
  • League: Master
  • Spawn Location: 5:00

A.I. 1 (Very Easy) - Winner!

  • Race: Zerg Zerg
  • Spawn Location: 11:00

VOD

Have the link to the VOD?

Description

Time

  • Played on: Dec. 6, 2017, 8:12 a.m.
  • Length: 10:11
Show
View Real Time Build Order
Export as new Build Order

IIIIIIIIIIII Terran 

Build Orders: Mech 

Get SALT Encoding   

  12  0:01  SCV  
  13  0:13  SCV  
  14  0:17  Supply Depot  
  14  0:25  SCV  
  15  0:38  SCV  
  15  0:40  Barracks  
  16  0:50  SCV  
  17  1:03  SCV  
  18  1:27  Marine  
  18  1:29  Orbital Command  
  19  1:34  Command Center  
  19  1:37  Supply Depot  
  19  1:46  Marine  
  20  1:50  Refinery  
  20  1:53  Refinery  
  20  1:55  SCV  
  21  2:05  Marine  
  21  2:06  Bunker  
  22  2:08  SCV  
  23  2:20  SCV  
  24  2:23  Marine  
  25  2:32  SCV  
  26  2:41  Factory  
  26  2:44  Barracks Reactor  
  26  2:45  SCV  
  26  2:47  Orbital Command  
  27  2:57  SCV  
  28  3:10  SCV  
  28  3:12  SCV  
  30  3:22  SCV  
  30  3:24  SCV  
  32  3:29  Starport  
  32  3:31  Barracks Tech Lab  
  32  3:34  SCV  
  33  3:39  Hellion x2  
  33  3:41  SCV  
  37  3:46  SCV  
  38  3:51  Supply Depot  
  38  3:53  SCV  
  39  3:59  Supply Depot  
  39  4:00  Cyclone x2  
  39  4:01  SCV  
  46  4:13  Banshee, SCV  
  46  4:14  SCV  
  51  4:21  Supply Depot  
  51  4:25  SCV  
  51  4:26  SCV  
  53  4:32  Hellion x2  
  53  4:34  Command Center  
  53  4:37  SCV  
  58  4:41  Supply Depot  
  58  4:45  SCV  
  59  4:49  Armory  
  59  4:51  SCV  
  59  4:52  Armory  
  60  4:58  Refinery  
  60  4:59  Viking, Refinery  
  62  5:01  SCV  
  62  5:06  SCV  
  64  5:13  SCV  
  65  5:17  Supply Depot x2  
  65  5:18  SCV  
  66  5:27  SCV  
  67  5:31  SCV, Hellion x2  
  72  5:37  Terran Vehicle And Ship Armor Level 1  
  72  5:39  Terran Vehicle Weapons Level 1  
  72  5:41  SCV  
  73  5:46  Factory  
  73  5:49  SCV, Factory  
  74  5:54  SCV  
  75  6:03  Orbital Command  
  75  6:04  SCV  
  75  6:07  Starport Reactor  
  75  6:08  SCV  
  77  6:12  Refinery  
  77  6:14  Refinery  
  77  6:16  SCV  
  78  6:20  SCV  
  78  6:23  Hellion  
  78  6:24  Hellion  
  83  6:28  SCV  
  83  6:29  Supply Depot x2, SCV  
  86  6:32  SCV  
  86  6:34  Factory Tech Lab  
  86  6:40  SCV  
  86  6:41  SCV, Factory  
  86  6:42  Factory  
  89  6:47  Siege Tank  
  89  6:49  Hellion x2  
  89  6:52  Supply Depot, SCV  
  89  6:53  Supply Depot  
  97  6:54  SCV  
  97  6:57  Siege Tank  
  101  7:04  SCV  
  101  7:06  SCV  
  101  7:07  SCV  
  103  7:11  Infernal Pre-Igniter  
  105  7:16  Hellion x2  
  105  7:17  SCV  
  105  7:20  Supply Depot, SCV x2  
  105  7:21  Siege Tank  
  105  7:22  Supply Depot  
  113  7:26  Factory Tech Lab  
  113  7:27  Factory Reactor  
  113  7:29  SCV  
  114  7:31  Siege Tank  
  114  7:33  Terran Vehicle Weapons Level 2  
  114  7:34  Terran Vehicle And Ship Armor Level 2  
  117  7:38  Hellion x2  
  121  7:47  Supply Depot  
  124  7:51  Siege Tank  
  124  7:54  Siege Tank  
  124  7:55  Supply Depot  
  127  8:00  Viking x2, Supply Depot  
  127  8:01  Hellion x2  
  127  8:02  Supply Depot  
  127  8:04  Siege Tank  
  138  8:06  Hellion  
  138  8:07  Hellion  
  142  8:27  Siege Tank, Supply Depot, Hellion x2  
  145  8:28  Siege Tank, Supply Depot, Hellion  
  145  8:30  Hellion  
  145  8:32  Viking x2  
  160  8:38  Siege Tank  
  163  8:49  Hellion  
  163  8:50  Hellion  
  163  8:53  Command Center  
  163  8:54  Hellion x2  
  171  9:00  Refinery, Siege Tank  
  171  9:01  Siege Tank  
  177  9:04  Viking x2  
  181  9:11  Refinery  
  181  9:12  Siege Tank, Hellion  
  181  9:13  Hellion  
  190  9:17  Hellion x2  
  192  9:34  Siege Tank  
  192  9:35  Siege Tank, Hellion  
  200  9:44  Factory  
  200  9:47  Factory  
  200  9:49  Factory  
Show
View Real Time Build Order
Export as new Build Order

A.I. 1 (Very Easy) Zerg - Winner!

Build Orders: Hatch First 

Get SALT Encoding   

  12  0:01  Drone  
  13  0:12  Overlord  
  13  0:16  Drone  
  14  0:44  Hatchery  
  14  0:46  Drone  
  14  1:04  Spawning Pool  
  14  1:06  Extractor  
  14  1:09  Drone  
  13  1:16  Drone  
  14  1:22  Overlord  
  14  1:51  Zergling x2  
  14  1:54  Queen, Zergling x2  
  18  2:05  Roach Warren  
  18  2:06  Extractor  
  16  2:11  Drone  
  17  2:18  Drone  
  17  2:20  Zergling x2  
  19  2:26  Drone  
  20  2:33  Drone  
  21  2:40  Drone  
  22  2:47  Drone  
  23  2:54  Drone  
  24  3:01  Drone  
  25  3:08  Roach, Drone  
  28  3:15  Overlord  
  28  3:20  Drone  
  29  3:27  Drone  
  30  3:35  Drone  
  31  3:42  Drone  
  32  3:49  Drone  
  32  3:51  Overlord  
  32  3:55  Roach  
  35  3:56  Drone  
  35  4:00  Lair  
  36  4:03  Drone  
  37  4:11  Drone  
  38  4:19  Drone  
  39  4:26  Drone  
  40  4:33  Drone  
  40  4:34  Overlord  
  41  4:40  Drone  
  41  4:42  Roach  
  44  4:47  Drone  
  45  4:54  Drone  
  45  4:59  Overseer  
  46  5:00  Overseer  
  46  5:02  Drone  
  47  5:07  Extractor  
  47  5:09  Extractor, Drone  
  46  5:16  Drone  
  46  5:23  Drone  
  47  5:29  Roach  
  47  5:30  Drone  
  50  5:38  Drone  
  51  5:45  Drone  
  52  7:33  Overlord, Overseer  
Tags
 
Composition
Mech
League
Master
Matchup
TvZ
Spawn Locations
Cross Positions
Add a new tag
Caveats
  • Supply blocks, unpowered buildings, or Contaminate may cause inaccurate times.
  • Supply counts are checked every 10 seconds.